 Dungeon Crawl Stone Soup version 0.26-a0-662-g8b9c6dab81 (webtiles) character file.

Game seed: 17764030224466574704

7233 Ooooooops the Carver (level 11, -11/89 HPs)
             Began as a Barachi Fighter on Oct 8, 2020.
             Was a Priest of Fedhas.
             Killed from afar by Psyche (12 damage)
             ... with a puff of flame
             ... on level 8 of the Dungeon on Oct 10, 2020.
             The game lasted 00:25:45 (7895 turns).

Ooooooops the Carver (Barachi Fighter)              Turns: 7895, Time: 00:25:46

Health: -11/89     AC:  0    Str: 19 (22) XL:     11   Next: 12%
Magic:  13/15      EV: 19    Int:  8      God:    Fedhas [***...]
Gold:   586        SH:  0    Dex: 15 (16) Spells: 16/16 levels left

rFire    . . .     SeeInvis .     - Unarmed
rCold    . . .     Faith    .   (shield currently unavailable)
rNeg     . . .     Spirit   .   (armour currently unavailable)
rPois    .         Reflect  .   (helmet currently unavailable)
rElec    .         Harm     .   (cloak currently unavailable)
rCorr    .         Rampage  .   (gloves currently unavailable)
MR       .....                  (boots currently unavailable)
Stlth    +.........             w - amulet of regeneration
HPRegen  0.64/turn              (ring currently unavailable)
MPRegen  0.14/turn              (ring currently unavailable)

@: lethally poisoned (-11 -> -11), bat-form, flying, very slightly contaminated,
hasted (expiring), lightly drained, very quick
A: tiny, +LOS, swims
a: Wall of Briars, Grow Ballistomycete, Renounce Religion


You were on level 8 of the Dungeon.
You worshipped Fedhas.
Fedhas was most pleased with you.
You were in bat-form.
You visited 2 branches of the dungeon, and saw 9 of its levels.

You collected 586 gold pieces.

Inventory:

Hand Weapons
 p - a +4 short sword of freezing
 A - a +2 falchion of holy wrath (melded)
Missiles
 i - 2 silver boomerangs (quivered)
 B - 5 boomerangs
Armour
 h - a +0 kite shield (melded)
 q - a +0 plate armour
 x - the +2 ring mail of Gallantry (melded) {rC+ Regen+ Str-3}
   (You found it on level 6 of the Dungeon)

   It affects your strength (-3).
   It protects you from cold.
   It increases your rate of regeneration.
 z - a +2 pair of gloves (melded)
Jewellery
 e - a ring of protection from cold (melded)
 s - a +4 ring of protection (melded)
 w - an amulet of regeneration (around neck)
Wands
 g - a wand of iceblast (6)
 j - a wand of paralysis (6)
Scrolls
 c - 9 scrolls of remove curse
 d - 5 scrolls of identify
 f - 2 scrolls of magic mapping
 l - a scroll of holy word {unknown}
 m - 2 scrolls of blinking
 o - 6 scrolls of teleportation
 u - 3 scrolls of amnesia
Potions
 a - a potion of heal wounds
 b - 2 potions of curing
 t - a potion of brilliance


   Skills:
 + Level 9.5(9.1) Fighting
 + Level 3.3(7.6) Short Blades
 + Level 11.9(11.8) Long Blades
 + Level 3.0(2.7) Throwing
 + Level 6.9(6.5) Armour
 - Level 2.0(1.7) Dodging
 + Level 9.3(8.9) Shields
 + Level 3.3(3.0) Unarmed Combat
 + Level 3.0(2.7) Spellcasting
 + Level 2.7(2.4) Invocations
 + Level 3.3(3.0) Evocations


You had 16 spell levels left.
You didn't know any spells.
Your spell library was empty.

Dungeon Overview and Level Annotations

Branches:
Dungeon (8/15)             Temple (0/1) D:7            Lair (1/6) D:8

Altars:
Dithmenos
Fedhas
Hepliaklqana
Kikubaaqudgha
Ru
Vehumet
Yredelemnul
Jiyva

Shops:
D:4 }

Annotations:
D:8 Psyche


Innate Abilities, Weirdness & Mutations

You can be seen from farther away. (+LOS)
You can swim through water.
((You cover ground slowly.))
((You can hop short distances.))


Message History

The wolf bites you.
* * * LOW HITPOINT WARNING * * *
Psyche casts a cantrip, but nothing happens.
You completely miss Psyche.
Psyche is heavily wounded.
The wolf barely misses you.
Psyche hits you with a +4 dagger of chaos.
* * * LOW HITPOINT WARNING * * *
Psyche burns you.
* * * LOW HITPOINT WARNING * * *
You hit Psyche but do no damage.
Psyche is heavily wounded.
The wolf barely misses you.
Unknown command.
* * * LOW HITPOINT WARNING * * *
You feel sick. Psyche gestures at you while chanting.
The puff of flame hits you!
You die...
Fedhas appreciates your contribution to the ecosystem.

†......##.###.#### ##
#.#.#............. ..
......###.###[#### #.# #.#.#.#
#.# #.# ......# #<# ###.. ...####
### #.... #### ######## #.##.
################......#######.##.
............>.h.b........).).)...
#########.......@.....#######.###
#.......########.........
#.......# #......... #########
#..(...... #......... #.........
######.### #.# #


You could see Psyche and a wolf.

Vanquished Creatures
  Pikel (D:5)
  Grinder (D:5)
  Eustachio (D:6)
  Menkaure (D:5)
  2 water moccasins
  3 sky beasts
  6 ogres
  A centaur (D:6)
  A lemure (D:5)
  2 bullfrogs (D:6)
  4 scorpions
  9 killer bees
  3 howler monkeys
  4 lava snakes (D:7)
  3 hounds
  5 jellies
  4 orc priests
  Jessica (D:2)
  2 bullfrog skeletons
  An iguana (D:6)
  6 orc wizards
  2 worker ants
  A hound skeleton (D:4)
  7 gnolls (D:4)
  6 adders
  2 shadow imps
  A white imp (D:6)
  An ufetubus (D:6)
  An adder skeleton (D:6)
  2 worms (D:3)
  3 dart slugs
  A leopard gecko (D:1)
  23 orcs
  A bat zombie (D:4)
  8 giant cockroaches
  5 goblins
  8 hobgoblins
  4 jackals
  6 kobolds
  4 quokkas
  A ball python (D:2)
  A ball python skeleton (D:4)
  7 bats
  11 frilled lizards
  4 rats
  A rat zombie (D:4)
172 creatures vanquished.

Vanquished Creatures (others)
  A lava snake (D:7)
  An orc wizard (D:7)
2 creatures vanquished.

Grand Total: 174 creatures vanquished

Notes
Turn   | Place    | Note
-------+----------+-------------------------------------------
     0 | D:1      | Ooooooops the Barachi Fighter began the quest for the Orb.
     0 | D:1      | Reached XP level 1. HP: 18/18 MP: 1/1
     0 | D:1      | Upgraded the game from 0.26-a0-661-g406de6ba63 to
                  | 0.26-a0-662-g8b9c6dab81
   276 | D:1      | Reached XP level 2. HP: 25/25 MP: 2/2
   544 | D:1      | Reached XP level 3. HP: 30/30 MP: 3/3
  1025 | D:2      | Found a blossoming altar of Fedhas.
  1031 | D:2      | Noticed Jessica
  1154 | D:2      | Reached skill level 3 in Long Blades
  1242 | D:2      | Killed Jessica
  1242 | D:2      | Reached XP level 4. HP: 37/37 MP: 4/4
  1330 | D:2      | Became a worshipper of Fedhas Madash
  1424 | D:2      | Reached skill level 1 in Dodging
  2176 | D:3      | Reached skill level 4 in Long Blades
  2176 | D:3      | Reached XP level 5. HP: 25/43 MP: 5/5
  2462 | D:3      | Found a radiant altar of Vehumet.
  2710 | D:3      | Found a shadowy altar of Dithmenos.
  3100 | D:4      | Found a basalt altar of Yredelemnul.
  3106 | D:4      | Reached XP level 6. HP: 48/49 MP: 6/6
  3279 | D:4      | Reached * piety under Fedhas
  3291 | D:4      | Reached skill level 5 in Long Blades
  3583 | D:4      | Reached skill level 5 in Shields
  3928 | D:4      | Found Pamni's Gadget Shop.
  4024 | D:4      | Found an ancient bone altar of Kikubaaqudgha.
  4407 | D:5      | Entered Level 5 of the Dungeon
  4435 | D:5      | Reached skill level 5 in Fighting
  4441 | D:5      | Noticed Pikel
  4490 | D:5      | Killed Pikel
  4490 | D:5      | Reached skill level 7 in Long Blades
  4490 | D:5      | Reached XP level 7. HP: 19/57 MP: 7/7
  4490 | D:5      | Reached XP level 8. HP: 22/64 MP: 8/8
  4725 | D:5      | Found a hazy altar of Hepliaklqana.
  4772 | D:5      | Noticed Menkaure
  4787 | D:5      | Killed Menkaure
  4787 | D:5      | Reached skill level 8 in Long Blades
  4950 | D:5      | Noticed Grinder
  4963 | D:5      | Paralysed by Grinder for 5 turns
  4987 | D:5      | Paralysed by Grinder for 5 turns
  4996 | D:5      | Killed Grinder
  5112 | D:5      | Found a sacrificial altar of Ru.
  5138 | D:5      | Reached skill level 9 in Long Blades
  5576 | D:6      | Reached XP level 9. HP: 46/72 MP: 9/9
  5817 | D:6      | Reached ** piety under Fedhas
  5975 | D:6      | Noticed Eustachio
  6125 | D:6      | Got a translucent ring mail
  6142 | D:7      | Identified the +2 ring mail of Gallantry {rC+ Regen+ Str-3}
                  | (You found it on level 6 of the Dungeon)
  6202 | D:6      | Reached skill level 10 in Long Blades
  6275 | D:6      | Killed Eustachio
  6275 | D:6      | Reached skill level 5 in Armour
  6733 | D:7      | Found a staircase to the Ecumenical Temple.
  6816 | D:7      | Reached *** piety under Fedhas
  7055 | D:7      | Reached skill level 11 in Long Blades
  7113 | D:7      | Reached XP level 10. HP: 46/82 MP: 10/10
  7422 | D:7      | Reached XP level 11. HP: 89/89 MP: 10/15
  7568 | D:8      | Found a staircase to the Lair.
  7753 | D:8      | Found a viscous altar of Jiyva.
  7806 | D:8      | Noticed Psyche
  7872 | Lair:1   | Entered Level 1 of the Lair of Beasts
  7892 | D:8      | HP: 4/89 [wolf (4)]
  7895 | D:8      | HP: 1/89 [poisoned by Psyche]
  7895 | D:8      | Killed from afar by Psyche

Illustrated notes

Levels and vault maps discovered:
D:1:      lightli_arrival_maybe_door_vault, layout_loops_ring
D:2:      layout_rooms, lemuel_crystal_altar, uniq_jessica
D:3:      layout_rooms, fiery_altar_vehumet, grunt_dithmenos_smoke_and_mirrors,
          minmay_misc_feat_pillars
D:4:      layout_basic, yredelemnul_altar_generic,
          lemuel_zombie_altar_kikubaaqudgha, serial_shops,
          nicolae_shop_behind_doors
D:5:      layout_rooms, kennysheep_mini_moat,
          nicolae_ru_great_annihilating_truth, uniq_pikel, uniq_menkaure,
          uniq_grinder
D:6:      layout_cave_pools, uniq_eustachio
D:7:      kennysheep_big_flooded_room, layout_cave_pools,
          minmay_temple_entry_wispy
D:8:      layout_basic, lair_entry_dummy, serial_glass, glass_columns_c,
          glass_columns_b, glass_columns_c, glass_columns_a, glass_columns_a,
          glass_columns_c, jiyva_altar_1, uniq_psyche
Lair:1:   layout_layer_cave, grunt_forest_large_clearings

Skill      XL: |  1  2  3  4  5  6  7  8  9 10 |
---------------+-------------------------------+-----
Armour         | 4 5 6 |  6.9
Fighting       | 4 5 7 8 9 |  9.5
Long Blades    | 3 4 7 9 11 | 11.9
Shields        | 4 6 8 9 |  9.3
Dodging        | 1 2 |  2.0
Short Blades   | 3 |  3.3
Throwing       | 3 |  3.0
Unarmed Combat | 3 |  3.3
Spellcasting   | 3 |  3.0
Invocations    | 2 |  2.7
Evocations     | 3 |  3.3

Action                   |  1- 3 |  4- 6 |  7- 9 | 10-12 || total
-------------------------+-------+-------+-------+-------++-------
Melee: Long sword        |   120 |   262 |   269 |       ||   651
       Falchion          |       |       |   156 |   111 ||   267
       Unarmed           |       |       |       |    19 ||    19
Throw: Throwing net      |       |       |     1 |       ||     1
 Abil: Hop               |     2 |       |       |       ||     2
  Use: Scroll            |     1 |    11 |     8 |       ||    20
       Potion            |       |     5 |     5 |     4 ||    14
 Stab: Held in net/web   |       |       |     2 |       ||     2
       Paralysed         |       |       |     1 |       ||     1
       Invisible         |       |       |       |     1 ||     1
Armor: Scale mail        |    41 |    82 |       |       ||   123
       Chain mail        |       |     5 |       |       ||     5
       Plate armour      |       |    77 |    85 |       ||   162
       Skin              |       |       |     7 |       ||     7
       Ring mail         |       |       |   101 |    43 ||   144
Dodge: Dodged            |    34 |    88 |   111 |    45 ||   278
Block: Kite shield       |    76 |   156 |   200 |    63 ||   495
       Rpst.: Long sword |    16 |    26 |    22 |       ||    64
       Falchion          |       |       |     7 |     9 ||    16

Table legend: (Time is in decaauts)
 A = Elapsed time spent in this place.
 B = Non-inter-level travel time spent in this place.
 C = Inter-level travel time spent in this place.
 D = Time resting spent in this place.
 E = Time spent auto-exploring this place.
 F = Levels seen in this place.
 G = Mean time per level.
                   A        B        C        D        E       F      G
               +--------+--------+--------+--------+--------+-----+--------+
         Total |   8767 |   8722 |     45 |   1691 |   3730 |   9 |  974.1 |
       Dungeon |   8761 |   8716 |     45 |   1691 |   3730 |   8 | 1095.1 |
          Lair |      5 |      5 |      0 |      0 |      0 |   1 |    5.0 |
               +--------+--------+--------+--------+--------+-----+--------+

Top non-repeatable levels by time:
     D:4: 1485 daAuts
     D:3: 1403 daAuts
     D:5: 1259 daAuts
     D:1: 1250 daAuts
     D:7: 1137 daAuts
     D:6: 987 daAuts
     D:2: 863 daAuts
     D:8: 373 daAuts
  Lair:1: 5 daAuts
